 Dungeon Sprint DCSS version 0.17-a0-1570-g74b7129 (webtiles) character file.

32 nuthulu the Basher (level 7, 0/79 HPs)
             Began as a Troll Berserker on July 23, 2015.
             Was a Priest of Trog.
             Killed by a malign offering
             ... invoked by a deep elf priest
              (5 damage)
             ... in the Dungeon (Sprint VI: "Thunderdome").
             The game lasted 00:02:08 (265 turns).

nuthulu the Basher (Troll Berserker)                 Turns: 265, Time: 00:02:09

Health: 0/79       AC:  5    Str: 21    XL:     7   Next: 11%
Magic:  15/15      EV: 13    Int:  5    God:    Trog [***...]
Gold:   13         SH:  0    Dex: 11    Spells: 0 memorised, 6 levels left

rFire  + . .     SeeInvis +     n - +0 giant spiked club
rCold  . . .     Clarity  .     b - +0 animal skin
rNeg   + + .     SustAt   .     (no shield)
rPois  .         Gourm    +     (helmet restricted)
rElec  +         Spirit   .     (no cloak)
rCorr  .         Warding  .     (gloves unavailable)
rMut   +         NoTele   +     (boots unavailable)
MR     .....                    o - amulet of Fun {rMut Int+2}
Stlth  +.........               p - ring "Lout" {rElec rF+ rN+ MP+9 Str-2}
                                q - ring "Laramo" {+Fly rN+ Str-3 SInv} (curse)

@: exhausted, slowed, very slow, not resistant to hostile enchantments, very
unstealthy
A: unfitting armour, claws 3, fast metabolism 3, gourmand, regeneration 2,
shaggy fur 1, tough skin 2
a: Burn Spellbooks, Berserk, Trog's Hand, Renounce Religion, Evoke Flight


You were in the Dungeon.
You worshipped Trog.
Trog was most pleased with you.
You were very hungry.

You visited 1 branch You collected 250 gold pieces.
You spent 237 gold pieces at shops.

Inventory:

Hand weapons
 a - a +0 mace
 n - a +0 giant spiked club (weapon)
Armour
 b - a +0 animal skin (worn)
Jewellery
 o - the amulet of Fun (around neck) {rMut Int+2}
   (You bought it in a shop in the Dungeon)

   [amulet of resist mutation]

   It protects you from mutation.
   It affects your intelligence (+2).
 p - the ring "Lout" (right claw) {rElec rF+ rN+ MP+9 Str-2}
   (You bought it in a shop in the Dungeon)

   [ring of magical power]

   It affects your strength (-2).
   It protects you from fire.
   It insulates you from electricity.
   It protects you from negative energy.
   It affects your magic capacity (+9).
 q - the cursed ring "Laramo" (left claw) {+Fly rN+ Str-3 SInv}
   (You bought it in a shop in the Dungeon)

   [ring of strength]

   It affects your strength (-3).
   It protects you from negative energy.
   It lets you see invisible.
   It lets you fly.
   It has a curse placed upon it.
Magical devices
 j - a wand of cold (5)
 k - a wand of fire (5)
Scrolls
 i - 4 scrolls of blinking
 l - 3 scrolls of fog
Potions
 d - a potion of curing
 e - 3 potions of heal wounds
 f - 4 potions of haste
 g - 2 potions of magic
 h - a potion of berserk rage
 m - a potion of resistance
Comestibles
 c - 2 bread rations


   Skills:
 + Level 7.8 Fighting
 + Level 8.6 Maces & Flails
 + Level 7.9 Dodging


You had 6 spell levels left.
You didn't know any spells.

Dungeon Overview and Level Annotations

Branches:
Dungeon (1/1)

Altars:
Cheibriados
Dithmenos
Fedhas
Gozag
Kikubaaqudgha
Makhleb
Okawaru
Qazlal
Ru
Sif Muna
Trog
Vehumet
Xom
Yredelemnul
Zin
The Shining One
Jiyva
Lugonu

Shops:
D *[%??*?*:[((!!!!


Innate Abilities, Weirdness & Mutations

You are too large for most types of armour.
You have claws for hands.
Your metabolism is lightning-fast.
You like to eat raw meat.
You heal very quickly.
You are covered in fur (AC +1).
You have very tough skin (AC +2).


Message History

You closely miss the deep elf priest.
The deep elf priest is lightly wounded.
Your polar bear misses the deep elf priest.
Your polar bear claws the deep elf priest.
Your polar bear closely misses the deep elf priest.
The deep elf priest utters a dark prayer and points at you.
Your life force is offered up.
The deep elf priest is healed.
Your polar bear barely misses the deep elf priest.
Your polar bear claws the deep elf priest.
Your polar bear barely misses the deep elf priest.
The deep elf priest invokes the aid of its god against you.
Something smites you!
* * * LOW HITPOINT WARNING * * *
The deep elf fighter casts a spell at you.
Your polar bear appears confused.
The deep elf priest hits you with a scimitar!
* * * LOW HITPOINT WARNING * * *
The deep elf priest utters a dark prayer and points at you.
Your life force is offered up.
You die...

.__......###......___∩##
.......8.# #.8........∩###
.........###......(...)..##
......###...###..........⌠#
......# #.<.# #.....e....⌠#
......###...###..........⌠#
.........###....he.......##
.......8.# #.8.(......∩###
__.......###.(.e@..__∩##
####.8.........8.######
#⌠...........⌠#
###.........### #_........#
#_......._# #_......._#
#∩.......∩# ##∩.....∩##


You could see 2 deep elf priests, a deep elf fighter and a friendly polar bear
(berserk).

Vanquished Creatures
  A deep elf priest (D)
  Grinder (D)
  2 jellies (D)
  2 crimson imps (D)
  4 oozes (D)
10 creatures vanquished.

Notes
Turn   | Place    | Note
--------------------------------------------------------------
     0 | D        | nuthulu the Troll Berserker began the quest for the Orb.
     0 | D        | Reached XP level 1. HP: 22/22 MP: 0/0
     2 | D        | Found a blossoming altar of Fedhas.
     2 | D        | Found a shadowy altar of Dithmenos.
     3 | D        | Found a glowing silver altar of Zin.
     3 | D        | Found a shimmering altar of Xom.
     4 | D        | Found a radiant altar of Vehumet.
     4 | D        | Found a stormy altar of Qazlal.
     4 | D        | Found a basalt altar of Yredelemnul.
     4 | D        | Found Feangur's Weapon Rack.
     4 | D        | Found Kepnoupp's Premium Goods.
     5 | D        | Found Angiub's Basic Armour.
     5 | D        | Found Iciar's Miscellaneous Merchandise.
     5 | D        | Round 1.
    12 | D        | Bought a +0 giant spiked club for 57 gold pieces
    18 | D        | Found a corrupted altar of Lugonu.
    19 | D        | Found a deep blue altar of Sif Muna.
    20 | D        | Found Maledgh's Identification Station.
    20 | D        | Found a burning altar of Makhleb.
    20 | D        | Found an ancient bone altar of Kikubaaqudgha.
    20 | D        | Found Noclach's Bee Food.
    21 | D        | Found Urois's Advanced Armour.
    21 | D        | Found Vadusagro's Jewellery.
    29 | D        | Bought a translucent ruby amulet for 45 gold pieces
    29 | D        | Bought a serpentine lapis lazuli ring for 45 gold pieces
    29 | D        | Bought a twitching bone ring for 45 gold pieces
    29 | D        | Identified the cursed ring "Laramo" {+Fly rN+ Str-3 SInv} (You bought it in a shop in the Dungeon)
    30 | D        | Identified the amulet of Intercession {Inacc -Tele +Fly rElec} (You bought it in a shop in the Dungeon)
    31 | D        | Identified the ring "Lout" {rElec rF+ rN+ MP+9 Str-2} (You bought it in a shop in the Dungeon)
    33 | D        | Noticed a crimson imp
    48 | D        | Found an iron altar of Okawaru.
    48 | D        | Found a glowing golden altar of the Shining One.
    48 | D        | Found Taapt's Magic Scroll Shop.
    48 | D        | Found Wuehol's Magic Scroll Shop.
    49 | D        | Found Zuecos's Must-Have Magic.
    50 | D        | Found a snail-covered altar of Cheibriados.
    50 | D        | Found an opulent altar of Gozag.
    50 | D        | Found Poaqonor's Staff Store.
    56 | D        | Noticed a crimson imp
    59 | D        | Killed a crimson imp
    59 | D        | Reached skill level 3 in Fighting
    59 | D        | Reached skill level 4 in Maces & Flails
    59 | D        | Reached XP level 2. HP: 25/32 MP: 1/1
    59 | D        | Reached XP level 3. HP: 30/39 MP: 2/2
    62 | D        | Found a viscous altar of Jiyva.
    66 | D        | Noticed Grinder
    66 | D        | Killed a crimson imp
    66 | D        | Acquired Trog's second power
    74 | D        | Killed Grinder
    74 | D        | Reached skill level 6 in Fighting
    74 | D        | Reached skill level 7 in Maces & Flails
    74 | D        | Reached XP level 4. HP: 35/53 MP: 3/3
    74 | D        | Reached XP level 5. HP: 40/61 MP: 4/4
    78 | D        | Noticed a crimson imp
    79 | D        | Found a sacrificial altar of Ru.
    84 | D        | Arena points: 4 (+4) [x1]
    98 | D        | Found a bloodstained altar of Trog.
    99 | D        | Found Vodan's Distillery.
    99 | D        | Found Inepys's Do-It-Yourself Clinic.
    99 | D        | Round 2.
   100 | D        | Found Omopej's Distillery.
   100 | D        | Found Itamy's Bottled Wisdom.
   104 | D        | Reached XP level 6. HP: 65/68 MP: 5/5
   175 | D        | Acquired Trog's third power
   175 | D        | Arena points: 32 (+28) [x2]
   186 | D        | Bought a faintly glowing ruby amulet for 45 gold pieces
   186 | D        | Identified the amulet of Fun {rMut Int+2} (You bought it in a shop in the Dungeon)
   234 | D        | Round 3.
   237 | D        | Noticed a deep elf priest
   244 | D        | Killed a deep elf priest
   244 | D        | Reached skill level 8 in Maces & Flails
   244 | D        | Reached XP level 7. HP: 79/79 MP: 6/6
   256 | D        | Noticed a deep elf priest
   259 | D        | Noticed a deep elf priest
   265 | D        | Killed from afar by a deep elf priest

Vault maps used:
D:        arena_sprint

Action                   |  1- 3 |  4- 6 |  7- 9 || total
-------------------------+-------+-------+-------++-------
Melee: Giant spiked club |    20 |    17 |     4 ||    41
Invok: Berserk           |       |     1 |       ||     1
       Brothers in Arms  |       |       |     1 ||     1
  Use: Potion            |       |       |     1 ||     1
